 Dungeon Sprint DCSS version 0.27-a0-1139-g28e009f8a6 (webtiles) character file.

Game seed: 14760450480174340773

725 Zeld the Frost Mage (level 7, -8/50 HPs)
             Began as an Octopode Ice Elementalist on May 8, 2021.
             Was a Follower of Sif Muna.
             Mangled by a wolf (10 damage)
             ... in the Dungeon (Sprint V: "Ziggurat Sprint").
             The game lasted 00:02:32 (228 turns).

Zeld the Frost Mage (Octopode Ice Elementalist)      Turns: 228, Time: 00:02:33

Health: -8/50      AC:  1    Str:  8    XL:     7   Next: 72%
Magic:  13/17      EV: 15    Int: 19    God:    Sif Muna [*.....]
Gold:   0          SH:  0    Dex: 12    Spells: 12/19 levels left

rFire    . . .     SeeInvis .   (no weapon)
rCold    . . .     Faith    .   (no shield)
rNeg     . . .     Spirit   .   (helmet restricted)
rPois    .         Reflect  .   (no amulet)
rElec    .         Harm     .   (no ring)
rCorr    .         Rampage  .   (no ring)
Will     .....     NoTele   +   (no ring)
Stlth    +++.......             (no ring)
HPRegen  0.16/turn              (no ring)
MPRegen  0.15/turn              (no ring)
                                (no ring)
                                (no ring)

@: no status effects
A: almost no armour, amphibious, 8 rings, camouflage 1, gelatinous body 1,
(nimble swimmer 1), tentacles
a: Renounce Religion, Channel Magic


You were in the Dungeon.
You worshipped Sif Muna.
Sif Muna was aware of your devotion.
You visited 1 branch

Inventory:

Jewellery
 r - a ring of flight
Wands
 s - a wand of mindburst (7)
 t - a wand of iceblast (3)
 u - a wand of acid (7)
Scrolls
 g - 3 scrolls of blinking
 l - 4 scrolls of amnesia
 m - 7 scrolls of fog
 n - a scroll of holy word
 o - 5 scrolls of identify
 p - 2 scrolls of fear
Potions
 a - 2 potions of brilliance
 b - 10 potions of curing
 c - 10 potions of heal wounds
 d - 6 potions of haste
 e - 7 potions of magic
 f - 3 potions of berserk rage
 h - a potion of invisibility
 i - 4 potions of resistance
 k - 5 potions of might
Miscellaneous
 q - a lightning rod (4/4)


   Skills:
 + Level 5.5 Fighting
 + Level 6.0 Dodging
 - Level 2.6 Stealth
 + Level 6.8 Spellcasting
 * Level 10.7 Ice Magic
 * Level 8.6 Invocations


You had 12 spell levels left.
You knew the following spells:

 Your Spells              Type           Power      Damage    Failure   Level
a - Freeze                Ice            100%       1d11      1%          1
b - Frozen Ramparts       Ice            94%        1d11      1%          3
c - Ozocubu's Armour      Ice            47%        N/A       1%          3

Your spell library contained the following spells:

 Spells                   Type           Power      Damage    Failure   Level
 Hailstorm                Conj/Ice       26%        3d7       11%         4
 Metabolic Englaciation   Hex/Ice        13%        N/A       30%         5


Dungeon Overview and Level Annotations

Branches:
Dungeon (1/1)

Altars:
Ashenzari
Cheibriados
Dithmenos
Elyvilon
Fedhas
Gozag
Hepliaklqana
Kikubaaqudgha
Makhleb
Nemelex Xobeh
Okawaru
Qazlal
Ru
Sif Muna
Trog
Uskayaw
Vehumet
Wu Jian
Xom
Yredelemnul
Zin
The Shining One
Beogh
Jiyva
Lugonu

Annotations:
D 1 transporter


Innate Abilities, Weirdness & Mutations

You cannot wear most types of armour.
You are amphibious.
You can wear up to eight rings at the same time.
Your skin changes colour to match your surroundings (Stealth+).
Your rubbery body absorbs attacks. (AC +1, EV +1)
((You are camouflaged near water. (Stealth+)))
You have tentacles for arms and can constrict up to eight enemies at once.


Message History

The black bear barely misses you.
Casting: Freeze (safe; 1% risk of failure)
Confirm with . or Enter, or press ? or * to list all spells.
Aiming: Freeze (safe; 1% risk of failure)
Press: ? - help, Shift-Dir - straight line, f/p - black bear
Aim: a black bear (moderately wounded)
You freeze the black bear!
The black bear is heavily wounded.
The wolf closely misses you. The black bear bites you.
* * * LOW HITPOINT WARNING * * *
The black bear claws you.
* * * LOW HITPOINT WARNING * * *
The black bear claws you.
* * * LOW HITPOINT WARNING * * *
The wolf misses you.
Blink to where?
Press: ? - help, Dir - move target, p - black bear Your frozen ramparts will break if you move.
Continue?
The frozen ramparts melt away as you move.
As you read the scroll of blinking, it crumbles to dust.
Aiming: Thunderbolt
Press: ? - help, Shift-Dir - straight line
Okay, then.
Aiming: Iceblast
Press: ? - help, Shift-Dir - straight line, f - wolf
Aim: a wolf The mass of ice explodes!
The iceblast engulfs the wolf.
The wolf is lightly wounded.
Unknown command.
Unknown command.
Aiming: Iceblast
Press: ? - help, Shift-Dir - straight line, p - wolf The mass of ice explodes!
The iceblast engulfs the black bear!
You kill the black bear!
Sif Muna accepts your kill.
You can now call upon Sif Muna for magical energy.
The iceblast engulfs the wolf.
The wolf is moderately wounded.
The wolf bites you!
You die...

▓▓▓▓▓▓▓▓▓▓▓▓▓
▓.8©8@▓.8©8.▓
▓.:=[h▓.....▓
▓..h..▓.[.).▓
▓..†..▓.....▓
▓.....▓..)).▓
▓.....▓..©..▓
▓..©..▓▓▓▓▓▓▓
▓▓▓▓▓▓▓


You could see a black bear and a wolf.

Vanquished Creatures
  2 draconians (D)
  A black bear (D)
3 creatures vanquished.

Notes
Turn   | Place    | Note
-------+----------+-------------------------------------------
     0 | D        | Zeld the Octopode Ice Elementalist began the quest for the
                  | Orb.
     0 | D        | Reached XP level 1. HP: 11/11 MP: 3/3
     0 | D        | Found a blossoming altar of Fedhas.
     1 | D        | Found the +6 Majin-Bo {vamp, MP+6 Int+6}
     1 | D        | Found the +9 heavy crossbow "Sniper" {vorpal, Acc+∞ SInv}
     1 | D        | Found the +10 dark maul {vorpal}
     1 | D        | Found the +15 Maxwell's patent armour {-Cast -Tele rElec
                  | Will+ rCorr}
     1 | D        | Found the +18 shield of the Gong {rElec rN+ Will+ EV-5}
     1 | D        | Found the +14 obsidian axe {vorpal, Drain Fly SInv}
     1 | D        | Found the +7 great mace "Firestarter" {inner flame, rF++}
     1 | D        | Found the +6 shillelagh "Devastator" {shatter}
     1 | D        | Found the +11 plutonium sword {Contam Stlth-}
     1 | D        | Found the +8 lance "Wyrmbane" {slay drac, rPois rF+ rC+
                  | AC+3}
     1 | D        | Found the +9 sword of Zonguldrok {reap}
     1 | D        | Found the +13 scythe of Curses {drain, Drain}
     1 | D        | Found the +5 sword of Power {vorpal}
     1 | D        | Found the +7 mace of Variability {chain chaos}
     1 | D        | Found the +7 Singing Sword {vorpal, sonic wave}
     1 | D        | Found the +8 storm bow {elec, penet}
     1 | D        | Found a shimmering blue altar of Sif Muna.
     1 | D        | Found a sacrificial altar of Ru.
     1 | D        | Found a bloodstained altar of Trog.
     1 | D        | Found a stormy altar of Qazlal.
     1 | D        | Found an iron altar of Okawaru.
     1 | D        | Found a sparkling altar of Nemelex Xobeh.
     3 | D        | Found a transporter.
     3 | D        | Found an ancient bone altar of Kikubaaqudgha.
     3 | D        | Found a viscous altar of Jiyva.
     3 | D        | Found a corrupted altar of Lugonu.
     3 | D        | Found a hazy altar of Hepliaklqana.
     3 | D        | Found a burning altar of Makhleb.
     3 | D        | Found an opulent altar of Gozag.
     7 | D        | Banished a spatial maelstrom
    56 | D        | Became a worshipper of Sif Muna the Loreminder
    57 | D        | Reached skill level 7 in Ice Magic
    57 | D        | Reached XP level 2. HP: 17/17 MP: 4/7
    96 | D        | Entered arena 2.
    96 | D        | Noticed a draconian
    96 | D        | Noticed a draconian
    96 | D        | Found a transporter.
   103 | D        | Killed a draconian
   104 | D        | Reached skill level 5 in Dodging
   104 | D        | Reached skill level 9 in Ice Magic
   104 | D        | Reached XP level 3. HP: 10/27 MP: 7/10
   104 | D        | Reached XP level 4. HP: 12/33 MP: 8/12
   104 | D        | Reached XP level 5. HP: 13/37 MP: 8/13
   104 | D        | Reached XP level 6. HP: 16/43 MP: 9/15
   104 | D        | Killed a draconian
   105 | D        | Reached skill level 5 in Fighting
   105 | D        | Reached skill level 10 in Ice Magic
   105 | D        | Reached XP level 7. HP: 19/50 MP: 9/17
   109 | D        | Learned a level 3 spell: Frozen Ramparts
   113 | D        | Learned a level 3 spell: Ozocubu's Armour
   218 | D        | Entered arena 3.
   218 | D        | Found a transporter.
   225 | D        | HP: 2/50 [black bear (5)]
   228 | D        | Reached * piety under Sif Muna
   228 | D        | Mangled by a wolf

Illustrated notes

Levels and vault maps discovered:
D:        sprint_v [room_start, room_1, room_2, room_3, room_4, room_5, room_6,
          room_7, room_8, room_9, room_10, room_11, room_12, room_13, room_14,
          room_15, room_16, room_17, room_18, room_19, room_20, room_21,
          room_22, room_23, room_24, room_25, room_26, room_27]

Skill      XL: |  1  2  3  4  5  6 |
---------------+-------------------+-----
Spellcasting   | 4 6 |  6.8
Ice Magic      | 7 9 10 | 10.7
Fighting       | 4 5 |  5.5
Dodging        | 5 6 |  6.0
Invocations    | 6 8 |  8.6
Stealth        | |  2.6

Action                   |  1- 3 |  4- 6 |  7- 9 || total
-------------------------+-------+-------+-------++-------
 Cast: Freeze            |       |     1 |     2 ||     3
       Frozen Ramparts   |       |       |     1 ||     1
Evoke: Lightning rod     |     4 |       |       ||     4
       Wand              |     2 |       |     2 ||     4
  Use: Potion            |     2 |       |       ||     2
       Scroll            |       |       |     1 ||     1
Armor: Skin              |       |       |     1 ||     1
Dodge: Dodged            |     1 |       |    10 ||    11

Table legend: (Time is in decaauts)
 A = Elapsed time spent in this place.
 B = Non-inter-level travel time spent in this place.
 C = Inter-level travel time spent in this place.
 D = Time resting spent in this place.
 E = Time spent auto-exploring this place.
 F = Levels seen in this place.
 G = Mean time per level.
                   A        B        C        D        E       F      G
               +--------+--------+--------+--------+--------+-----+--------+
         Total |    228 |    219 |      9 |     97 |     47 |   1 |  228.0 |
       Dungeon |    228 |    219 |      9 |     97 |     47 |   1 |  228.0 |
               +--------+--------+--------+--------+--------+-----+--------+

Top non-repeatable levels by time:
       D: 228 daAuts
